 Dungeon Crawl Stone Soup version 0.20-a0-526-g753eaab (webtiles) character file.

179 volk64 the Sneak (level 5, 0/43 HPs)
             Began as a Naga Enchanter on Sept 27, 2015.
             Slain by a hippogriff (9 damage)
             ... on level 3 of the Dungeon on Jan 26, 2017.
             The game lasted 00:16:24 (3393 turns).

volk64 the Sneak (Naga Enchanter)                   Turns: 3393, Time: 00:16:25

Health: 0/43       AC:  4    Str: 12    XL:     5   Next: 59%
Magic:  6/8        EV: 10    Int: 16    God:
Gold:   45         SH:  0    Dex: 12    Spells: 3/9 levels left

rFire    . . .     SeeInvis +   a - +1 dagger
rCold    . . .     Gourm    .   b - +2 robe
rNeg     . . .     Faith    .   (no shield)
rPois    +         Spirit   .   (no helmet)
rElec    .         Reflect  .   (no cloak)
rCorr    .         Harm     .   (no gloves)
MR       .....                  (no barding)
Stlth    +++.......             (no amulet)
Regen    0.2/turn               (no ring)
                                (no ring)

@: short of breath, very slightly contaminated, very slow
A: see invisible, deformed body, poison resistance, screaming 1, slowness 2,
slow metabolism 1, spit poison 2, strong 1, AC +1
a: Breathe Poison Gas


You were on level 3 of the Dungeon.
You were not hungry.

You visited 1 branch of the dungeon, and saw 3 of its levels.

You collected 45 gold pieces.

Inventory:

Hand Weapons
 a - a +1 dagger (weapon)
 n - a +1 mace of protection
Missiles
 e - 5 javelins (quivered)
Armour
 b - a +2 robe (worn)
Wands
 m - a wand of lightning (6/15)
Scrolls
 f - 3 scrolls of identify
 j - a scroll of magic mapping
 k - a scroll of recharging
Potions
 h - a potion of cure mutation
 i - 3 potions of curing
Books
 c - a book of Maledictions

   Spells                             Type                      Level
   a - Corona                         Hexes                        1
   b - Ensorcelled Hibernation        Hexes/Ice                    2
   c - Confuse                        Hexes                        3
   d - Tukima's Dance                 Hexes                        3
   e - Dazzling Spray                 Conjuration/Hexes            3
Comestibles
 d - 2 bread rations
 g - 2 royal jellies
 l - a fruit
 o - 2 chunks of flesh


   Skills:
 + Level 0.8 Fighting
 + Level 2.0 Short Blades
 + Level 2.6 Dodging
 + Level 5.5 Stealth
 + Level 2.5 Spellcasting
 + Level 4.0 Hexes
 + Level 0.4 Ice Magic


You had 3 spell levels left.
You knew the following spells:

 Your Spells              Type           Power        Failure   Level  Hunger
a - Corona                Hex            ##.....      4%          1    #......
b - Tukima's Dance        Hex            ##......     12%         3    ###....
c - Ensorcelled Hibernat  Hex/Ice        #.....       14%         2    ##.....


Dungeon Overview and Level Annotations

Branches:
Dungeon (3/15)

Altars:
Okawaru


Innate Abilities, Weirdness & Mutations

You cannot wear boots.
Your serpentine skin is tough. (AC +1)
You have supernaturally acute eyesight. (SInv)
Armour fits poorly on your strangely shaped body.
Your system is resistant to poisons. (rPois)
You cover ground very slowly.
You have a slow metabolism.
You can exhale a cloud of poison.
You occasionally shout uncontrollably at your foes.
Your muscles are strong. (Str +2)


Message History

The hippogriff closely misses you. The hippogriff pecks you.
The hippogriff closely misses you.
You barely miss the hippogriff.
The hippogriff is heavily wounded.
The bat hits you but does no damage.
You hit the hippogriff.
The hippogriff is heavily wounded.
The bat barely misses you.
The hippogriff is engulfed in poison gas.
The hippogriff looks as sick as possible!
The hippogriff bites you.
The hippogriff pecks you but does no damage.
The hippogriff claws you.
* * * LOW HITPOINT WARNING * * *
You hit the hippogriff.
The hippogriff is severely wounded.
The hippogriff is engulfed in poison gas.
The hippogriff looks as sick as possible!
The hippogriff bites you!
You die...

# ........# # ).......# #
........# # ........# #
........# ........# ######
......b.# #.....
..ยงยงยง.H@###########....)
[.........).......'.....
##...#####.########.....
#.. #.# #........ ## #.#
#.....### #.# #.....# #.#
##.....### #.# #.........
... #.########


You could see a hippogriff and a bat.

Vanquished Creatures
  An orc wizard (D:3)
  7 adders
  A gnoll (D:1)
  4 worms
  2 dart slugs (D:2)
  4 orcs (D:3)
  3 giant cockroaches (D:2)
  7 hobgoblins
  5 jackals
  6 kobolds
  8 bats
  3 frilled lizards (D:1)
  6 goblins
  6 rats
63 creatures vanquished.

Vanquished Creatures (collateral kills)
  An orc (D:3)
  A kobold (D:2)
2 creatures vanquished.

Grand Total: 65 creatures vanquished

Notes
Turn   | Place    | Note
-------+----------+-------------------------------------------
     0 | D:1      | volk64 the Naga Enchanter began the quest for the Orb.
     0 | D:1      | Reached XP level 1. HP: 15/15 MP: 3/3
   251 | D:1      | Reached XP level 2. HP: 13/22 MP: 3/5
   733 | D:1      | Reached XP level 3. HP: 25/28 MP: 4/6
   917 | D:1      | Upgraded the game from 0.17-a0-1920-gafa4d75 to 0.20-a0-526-g753eaab
   950 | D:1      | HP: 1/28 [worm (1)]
  1539 | D:2      | Learned a level 3 spell: Tukima's Dance
  1542 | D:2      | Learned a level 2 spell: Ensorcelled Hibernation
  1810 | D:2      | Gained mutation: You occasionally shout uncontrollably at your foes. [potion of mutation]
  1810 | D:2      | Gained mutation: You can exhale a cloud of poison. [potion of mutation]
  1810 | D:2      | Gained mutation: Your muscles are strong. (Str +2) [potion of mutation]
  1861 | D:2      | Reached XP level 4. HP: 36/37 MP: 7/7
  1957 | D:2      | Reached skill level 5 in Stealth
  2547 | D:3      | Found an iron altar of Okawaru.
  2948 | D:3      | Reached XP level 5. HP: 43/43 MP: 8/8
  3384 | D:3      | Noticed a hippogriff
  3393 | D:3      | Slain by a hippogriff

Vault maps used:
D:1:      minmay_arrival_radiant_lines
D:3:      okawaru_ov_weapons_minmay, uniq_iyjb

Skill      XL: |  1  2  3  4  5 |
---------------+----------------+-----
Stealth        | 5 |  5.5
Hexes          | 4 |  4.0
Short Blades   | 2 |  2.0
Fighting       | |  0.8
Dodging        | |  2.6
Spellcasting   | |  2.5
Ice Magic      | |  0.4

Action                   |  1- 3 |  4- 6 || total
-------------------------+-------+-------++-------
Melee: Dagger            |    75 |       ||    75
       Dagger            |    64 |    90 ||   154
Throw: Javelin           |     1 |       ||     1
 Cast: Corona            |     2 |       ||     2
       Corona            |     9 |     1 ||    10
       Ensorcelled Hiber |     1 |    19 ||    20
       Tukima's Dance    |     1 |     4 ||     5
 Abil: Spit Poison       |     3 |       ||     3
       Breathe Poison Ga |       |     2 ||     2
  Use: Potion            |     1 |       ||     1
       Potion            |     3 |     3 ||     6
       Scroll            |       |     4 ||     4
 Stab: Sleeping          |     2 |       ||     2
       Sleeping          |     3 |    15 ||    18
  Eat: Chunk             |     2 |     6 ||     8
Armor: Robe              |    15 |    47 ||    62
Dodge: Dodged            |    34 |    61 ||    95
